 Dungeon Crawl Stone Soup version 0.29.1-12-g30fa7ad0bf (webtiles) character file.

Game seed: 2145678185768042741

55 DildoBatman the Conjurer (level 4, -1/29 (32) HPs)
             Began as a Formicid Conjurer on Jan 13, 2023.
             Slain by a gnoll
             ... wielding a +0 whip
              (2 damage)
             ... on level 3 of the Dungeon.
             The game lasted 00:03:26 (1479 turns).

DildoBatman the Conjurer (Formicid Conjurer)        Turns: 1479, Time: 00:03:26

HP:   -1/29 (32)    AC:  2    Str: 12    XL:     4   Next: 14%
MP:   3/8           EV: 12    Int: 19    God:
Gold: 83            SH:  0    Dex: 12    Spells: 5/8 levels left

rFire   . . .      SeeInvis +   a - +0 spear
rCold   . . .      Faith    .   (no shield)
rNeg    . . .      Spirit   .   k - +0 robe
rPois   .          Reflect  .   (helmet unavailable)
rElec   .          Harm     .   (no cloak)
rCorr   .          Rampage  .   (no gloves)
Will    .....                   (no boots)
Stlth   ++........              (no amulet)
HPRegen 0.09/turn               (no ring)
MPRegen 0.11/turn               (no ring)

@: drained
A: permanent stasis, dig shafts and tunnels, antennae 3, four strong arms
a: Dig, Shaft Self


You were on level 3 of the Dungeon.
You visited 1 branch of the dungeon, and saw 3 of its levels.

You collected 83 gold pieces.

Inventory:

Hand Weapons
 a - a +0 spear (weapon)
 b - a +0 mace
Missiles
 e - 15 stones
Armour
 k - a +0 robe (worn)
Scrolls
 c - a scroll of butterflies {unknown}
 f - 2 scrolls of identify {unknown}
 i - a scroll of poison {unknown}
Potions
 g - 2 potions of curing {unknown}
 h - a potion of mutation {unknown}
 j - a potion of degeneration {unknown}
 l - a potion of magic


   Skills:
 * Level 1.5 Fighting
 * Level 1.5 Armour
 - Level 2.0 Dodging
 - Level 2.4 Stealth
 * Level 2.7 Spellcasting
 * Level 3.9 Conjurations


You had 5 spell levels left.
You knew the following spells:

 Your Spells              Type           Power      Damage    Failure   Level
a - Searing Ray           Conj           34%        2d5       4%          2
c - Magic Dart            Conj           68%        1d6       3%          1

Your spell library contained the following spells:

 Spells                   Type           Power      Damage    Failure   Level
 Dazzling Flash           Conj/Hex       20%        N/A       21%         3
 Scorch                   Fire           4%         2d5       24%         2
 Flame Wave               Conj/Fire      10%        2d6       56%         4
 Fulminant Prism          Conj/Hex       5%         3d7       56%         4
 Iskenderun's Mystic Bla  Conj/Tloc      10%        2d4       56%         4
 Summon Cactus Giant      Summ           1%         N/A       100%        6


Dungeon Overview and Level Annotations

Branches:
Dungeon (3/15)

Altars:
Vehumet


Innate Abilities, Weirdness & Mutations

You cannot be hasted, slowed, berserked, paralysed or teleported.
You can dig through walls and to a lower floor.
You have a pair of large antennae on your head. (SInv)
Your four strong arms can wield two-handed weapons with a shield.


Message History

t - Shout!
Orders for allies: a - Attack new target. p - Attack previous target. r - Retreat! s - Stop attacking. g - Guard the area. f - Follow me.
Anything else - Cancel.
You shout for attention!
The gnoll hits you from afar with a +0 spear.
You extend your mandibles.
You dig through the rock wall.
You feel drained.
You dig through the rock wall.
You feel drained. What are your orders? t - Shout!
Orders for allies: a - Attack new target. p - Attack previous target. r - Retreat! s - Stop attacking. g - Guard the area. f - Follow me.
Anything else - Cancel.
You shout for attention!
The gnoll completely misses you.
You retract your mandibles.
You extend your mandibles.
You dig through the rock wall.
You feel drained.
You hear an angry hiss.
The gnoll hits you with a +0 spear!
You retract your mandibles.
You barely miss the gnoll.
An adder comes into view.
The gnoll barely misses you. x2
What are your orders? t - Shout!
Orders for allies: a - Attack new target. p - Attack previous target. r - Retreat! s - Stop attacking. g - Guard the area. f - Follow me.
Anything else - Cancel.
You shout for attention!
The gnoll hits you with a +0 spear. The gnoll hits you with a +0 whip.
You die...

####
#..####.####
##@gl..)...#
##g###.#...
#S#
#######.#
#.<{....#
#.####..##
#<..#
#........
#...####.


You could see 2 gnolls, an adder and a frilled lizard.

Vanquished Creatures
  A gnoll (D:3)
  3 worms (D:2)
  4 ball pythons
  4 bats
  4 endoplasms
  2 giant cockroaches (D:2)
  A hobgoblin (D:1)
  5 kobolds
  2 quokkas
  2 goblins (D:1)
  7 rats
35 creatures vanquished.

Vanquished Creatures (others)
  A plant (D:3)
1 creature vanquished.

Grand Total: 36 creatures vanquished

Notes
Turn   | Place    | Note
-------+----------+-------------------------------------------
     0 | D:1      | DildoBatman the Formicid Conjurer began the quest for the
                  | Orb.
     0 | D:1      | Reached XP level 1. HP: 13/13 MP: 3/3
   245 | D:1      | Reached XP level 2. HP: 19/20 MP: 1/5
   260 | D:1      | Learned a level 2 spell: Searing Ray
   279 | D:1      | Found a faded altar of an unknown god.
   446 | D:1      | Reached skill level 1 in Armour
   597 | D:1      | Reached skill level 1 in Fighting
   597 | D:1      | Reached XP level 3. HP: 21/26 MP: 2/6
   765 | D:2      | Found a radiant altar of Vehumet.
  1469 | D:3      | Reached XP level 4. HP: 16/32 MP: 2/8
  1479 | D:3      | HP: 1/29 [gnoll/+0 spear (2)]
  1479 | D:3      | Slain by a gnoll

Illustrated notes

Levels and vault maps discovered:
D:1:      amcnicky_arrival_feature_with_door, layout_loops_ring,
          shapermc_ecumenical_altar_pompeii
D:2:      layout_rooms, basic_altar
D:3:      layout_loops_cross, mainiacjoe_overflow_chevrons,
          chequers_mini_garden, st_stairs_12, minmay_misc_feat_ornament,
          grunt_ministairs_5

Skill      XL: |  1  2 |
---------------+-------+-----
Dodging        | 2 |  2.0
Armour         | 1 |  1.5
Fighting       | 1 |  1.5
Stealth        | |  2.4
Spellcasting   | |  2.7
Conjurations   | |  3.9

Action                   |  1- 3 |  4- 6 || total
-------------------------+-------+-------++-------
Melee: Dagger            |    31 |       ||    31
       Spear             |     1 |     1 ||     2
 Cast: Magic Dart        |    59 |       ||    59
       Searing Ray       |     4 |       ||     4
 Abil: Dig               |       |     3 ||     3
Armor: Robe              |    14 |       ||    14
Dodge: Dodged            |    26 |     4 ||    30
